PIO (24 & UNDER)
EAU CLAIRE ESQUIRES @ JASPER COUGARS
05/30/2030
 
TOP OF THE 1ST
Eau Claire Esquires batting - Pitching for Jasper Cougars : RHP Pat Wright
Pitching: RHP Pat Wright
Batting: LHB Matt Taylor 0-0: Called Strike
0-1: Ground out 4-3 (Groundball, 4M)
Batting: RHB Claudio Rodríguez 0-0: Foul Ball, location: 2F
0-1: Ground out 5-3 (Groundball, 5)
Batting: LHB Will Rhodes 0-0: Ball
1-0: Ball
2-0: Called Strike
2-1: SINGLE (Line Drive, 4M)
Batting: LHB Steve Arnold 0-0: Called Strike
0-1: Ball
1-1: Ground out 4-3 (Groundball, 34)
Top of the 1st over - 0 runs, 1 hit, 0 errors, 1 left on base; Eau Claire 0 - Jasper 0
BOTTOM OF THE 1ST
Jasper Cougars batting - Pitching for Eau Claire Esquires : RHP John Silva
Pitching: RHP John Silva
Batting: RHB Júlio González 0-0: SINGLE (Line Drive, 9S)
Batting: RHB Félix Sandoval 0-0: Foul Ball, location: 2F
0-1: Fielders Choice at 2nd, 1-4 (Groundball, 15S)
Batting: LHB Iván Soriano 0-0: Called Strike
0-1: Ball
1-1: Foul Ball, location: 2F
1-2: Strikes out swinging
Batting: LHB Luis García 0-0: Ball
1-0: Ball
2-0: SINGLE (Groundball, 4) (infield hit)
Félix Sandoval to second
Batting: RHB Ben Wilson 0-0: Ball
1-0: Called Strike
1-1: Ball
2-1: Foul Ball, location: 2F
2-2: Strikes out swinging
Bottom of the 1st over - 0 runs, 2 hits, 0 errors, 2 left on base; Eau Claire 0 - Jasper 0
TOP OF THE 2ND
Eau Claire Esquires batting - Pitching for Jasper Cougars : RHP Pat Wright
Batting: LHB Caleb Ruíz 0-0: Ground out U3 (Groundball, 34)
Batting: SHB Paul Davenport 0-0: Called Strike
0-1: Ball
1-1: Ball
2-1: Ball
3-1: Foul Ball, location: 2F
3-2: Foul Ball, location: 2F
3-2: Base on Balls
Batting: RHB Tom McBride 0-0: Ball
1-0: Ball
2-0: Ball
3-0: Called Strike
3-1: Base on Balls
Paul Davenport to second
Batting: RHB Tomás Rivera 0-0: Called Strike
0-1: Called Strike
0-2: Ball
1-2: Foul Ball, location: 2F
1-2: Ball
2-2: Ground out 5-3 (Groundball, 25)
Paul Davenport to third
Tom McBride to second
Batting: RHB Silas Small 0-0: Ball
1-0: Foul Ball, location: 2F
1-1: Foul Ball, location: 2F
1-2: Foul Ball, location: 2F
1-2: Ball
2-2: Strikes out swinging
Top of the 2nd over - 0 runs, 0 hits, 0 errors, 2 left on base; Eau Claire 0 - Jasper 0
BOTTOM OF THE 2ND
Jasper Cougars batting - Pitching for Eau Claire Esquires : RHP John Silva
Batting: RHB Donald Fenner 0-0: Swinging Strike
0-1: Ball
1-1: Foul Ball, location: 2F
1-2: Strikes out looking
Batting: RHB Brent Allen 0-0: Ball
1-0: Ball
2-0: Ball
3-0: Base on Balls
Batting: RHB Alberto Morín 0-0: Ball
1-0: SINGLE (Line Drive, 5)
Brent Allen to second
Batting: RHB Alberto Castillo 0-0: Called Strike
0-1: Fielders Choice at 2nd, 6-4 (Groundball, 6)
Brent Allen to third
Batting: RHB Júlio González 0-0: Ball
1-0: Ball
2-0: SINGLE (Line Drive, 4MD)
Brent Allen scores
Alberto Castillo to second
Runner from 2nd tries for 3rd, SAFE, no throw
Batting: RHB Félix Sandoval 0-0: Ball
1-0: Ball
2-0: DOUBLE (Line Drive, 9LM)
Alberto Castillo scores
Júlio González to third
Runner from 3rd tries for Home, SAFE, throw made at trailing runner, OUT at third!
Bottom of the 2nd over - 3 runs, 3 hits, 0 errors, 0 left on base; Eau Claire 0 - Jasper 3
TOP OF THE 3RD
Eau Claire Esquires batting - Pitching for Jasper Cougars : RHP Pat Wright
Batting: LHB Matt Taylor 0-0: Ball
1-0: Called Strike
1-1: Foul Ball, location: 2F
1-2: Strikes out swinging, 2-3 out at first.
Batting: RHB Claudio Rodríguez 0-0: Ball
1-0: Swinging Strike
1-1: Ball
2-1: Swinging Strike
2-2: Foul Ball, location: 2F
2-2: SINGLE (Flyball, 78M)
Batting: LHB Will Rhodes 0-0: Swinging Strike
0-1: Called Strike
0-2: Ball
1-2: Grounds into double play, 6-4-3 (Groundball, 6)
Top of the 3rd over - 0 runs, 1 hit, 0 errors, 0 left on base; Eau Claire 0 - Jasper 3
BOTTOM OF THE 3RD
Jasper Cougars batting - Pitching for Eau Claire Esquires : RHP John Silva
Batting: LHB Iván Soriano 0-0: Called Strike
0-1: Ball
1-1: Swinging Strike
1-2: Foul Ball, location: 2F
1-2: Ball
2-2: Foul Ball, location: 2F
2-2: Ball
3-2: Foul Ball, location: 2F
3-2: Strikes out looking
Batting: LHB Luis García 0-0: Ball
1-0: Foul Ball, location: 2F
1-1: Fly out, F7 (Flyball, 7LM)
Batting: RHB Ben Wilson 0-0: Foul Ball, location: 2F
0-1: Ball
1-1: Ball
2-1: SINGLE (Line Drive, 6)
Batting: RHB Donald Fenner 0-0: Called Strike
0-1: Ball
Wild Pitch!
Ben Wilson to second
1-1: SINGLE (Flyball, 78S)
Ben Wilson to third
Runner from 3rd tries for Home, SAFE, no throw
Batting: RHB Brent Allen 0-0: Called Strike
0-1: SINGLE (Line Drive, 8RS)
Donald Fenner to second
Runner from 2nd tries for 3rd, OUT!
Bottom of the 3rd over - 1 run, 3 hits, 0 errors, 1 left on base; Eau Claire 0 - Jasper 4
TOP OF THE 4TH
Eau Claire Esquires batting - Pitching for Jasper Cougars : RHP Pat Wright
Batting: LHB Steve Arnold 0-0: Called Strike
0-1: SOLO HOME RUN (Line Drive, 9LD), Distance : 340 ft
Batting: LHB Caleb Ruíz 0-0: Foul Ball, location: 2F
0-1: Foul Ball, location: 2F
0-2: Ball
1-2: Ball
2-2: Ball
3-2: Base on Balls
Batting: SHB Paul Davenport 0-0: Grounds into double play, 4-6-3 (Groundball, 4M)
Batting: RHB Tom McBride 0-0: Ball
1-0: Called Strike
1-1: Ground out 1-3 (Groundball, P)
Top of the 4th over - 1 run, 1 hit, 0 errors, 0 left on base; Eau Claire 1 - Jasper 4
BOTTOM OF THE 4TH
Jasper Cougars batting - Pitching for Eau Claire Esquires : RHP John Silva
Batting: RHB Alberto Morín 0-0: Ground out 5-3 (Groundball, 56)
Batting: RHB Alberto Castillo 0-0: Called Strike
0-1: Ball
1-1: Foul Ball, location: 2F
1-2: Ground out 5-3 (Groundball, 56)
Batting: RHB Júlio González 0-0: Called Strike
0-1: Ball
1-1: Foul Ball, location: 2F
1-2: Foul Ball, location: 2F
1-2: Strikes out swinging
Bottom of the 4th over - 0 runs, 0 hits, 0 errors, 0 left on base; Eau Claire 1 - Jasper 4
TOP OF THE 5TH
Eau Claire Esquires batting - Pitching for Jasper Cougars : RHP Pat Wright
Batting: RHB Tomás Rivera 0-0: Ball
1-0: Called Strike
1-1: Foul Ball, location: 2F
1-2: Ball
2-2: Strikes out swinging
Batting: RHB Silas Small 0-0: Ball
1-0: Ball
2-0: Ball
3-0: Base on Balls
Batting: LHB Matt Taylor 0-0: Ball
1-0: Called Strike
1-1: Swinging Strike
1-2: Ball
2-2: Strikes out looking
Batting: RHB Claudio Rodríguez 0-0: Ball
1-0: Ball
2-0: Foul Ball, location: 2F
2-1: Foul Ball, location: 2F
2-2: Foul Ball, location: 2F
2-2: Ball
3-2: Strikes out swinging
Top of the 5th over - 0 runs, 0 hits, 0 errors, 1 left on base; Eau Claire 1 - Jasper 4
BOTTOM OF THE 5TH
Jasper Cougars batting - Pitching for Eau Claire Esquires : RHP John Silva
Batting: RHB Félix Sandoval 0-0: SINGLE (Line Drive, 6MD)
Batting: LHB Iván Soriano 0-0: Ball
1-0: Called Strike
1-1: Ball
2-1: Fly out, F9 (Line Drive, 9D)
Batting: LHB Luis García 0-0: Ball
1-0: Ball
2-0: Swinging Strike
2-1: DOUBLE (Line Drive, 7LM)
Félix Sandoval to third
Batting: RHB Ben Wilson 0-0: Called Strike
0-1: Called Strike
0-2: Strikes out looking
Batting: RHB Donald Fenner 0-0: Swinging Strike
0-1: Ball
1-1: Ball
2-1: Foul Ball, location: 2F
2-2: Ball
3-2: Ground out 5-3 (Groundball, 56)
Bottom of the 5th over - 0 runs, 2 hits, 0 errors, 2 left on base; Eau Claire 1 - Jasper 4
TOP OF THE 6TH
Eau Claire Esquires batting - Pitching for Jasper Cougars : RHP Pat Wright
Batting: LHB Will Rhodes 0-0: Ball
1-0: Foul Ball, location: 2F
1-1: SINGLE (Line Drive, 9S)
Batting: LHB Steve Arnold 0-0: Ball
1-0: Ball
2-0: Grounds into double play, 4-6-3 (Groundball, 34)
Batting: LHB Caleb Ruíz 0-0: Swinging Strike
0-1: Swinging Strike
0-2: Foul Ball, location: 2F
0-2: Foul Ball, location: 2F
0-2: Strikes out swinging
Top of the 6th over - 0 runs, 1 hit, 0 errors, 0 left on base; Eau Claire 1 - Jasper 4
BOTTOM OF THE 6TH
Jasper Cougars batting - Pitching for Eau Claire Esquires : RHP John Silva
Batting: RHB Brent Allen 0-0: Ball
1-0: Ball
2-0: Ball
3-0: Called Strike
3-1: Foul Ball, location: 2F
3-2: SINGLE (Line Drive, 56)
Batting: RHB Alberto Morín 0-0: SINGLE (Line Drive, 6)
Brent Allen to second
Pitching: LHP Raúl Rivas
Batting: RHB Alberto Castillo 0-0: Fly out, F7 (Flyball, 78S)
Batting: RHB Júlio González 0-0: Called Strike
0-1: Ball
1-1: Ball
2-1: Called Strike
2-2: Foul Ball, location: 2F
2-2: Foul Ball, location: 2F
2-2: Foul Ball, location: 2F
2-2: Foul Ball, location: 2F
2-2: Fly out, F8 (Flyball, 8RS)
Batting: RHB Félix Sandoval 0-0: Fly out, F9 (Flyball, 89D)
Bottom of the 6th over - 0 runs, 2 hits, 0 errors, 2 left on base; Eau Claire 1 - Jasper 4
TOP OF THE 7TH
Eau Claire Esquires batting - Pitching for Jasper Cougars : RHP Pat Wright
Pitching: LHP Alberto Guerra
Batting: SHB Paul Davenport 0-0: Ball
1-0: Foul Ball, location: 2F
1-1: Ground out 5-3 (Groundball, 2L)
Batting: RHB Tom McBride 0-0: SINGLE (Groundball, 56D)
Batting: RHB Tomás Rivera 0-0: Ball
1-0: Grounds into double play, 6-4-3 (Groundball, 6)
Top of the 7th over - 0 runs, 1 hit, 0 errors, 0 left on base; Eau Claire 1 - Jasper 4
BOTTOM OF THE 7TH
Jasper Cougars batting - Pitching for Eau Claire Esquires : LHP Raúl Rivas
Batting: LHB Iván Soriano 0-0: Ball
1-0: Ground out 5-3 (Groundball, 5)
Batting: LHB Luis García 0-0: Ball
1-0: Swinging Strike
1-1: Ground out 6-3 (Groundball, 6)
Batting: RHB Ben Wilson 0-0: Ball
1-0: Foul Ball, location: 2F
1-1: Called Strike
1-2: Fly out, F6 (Popup, 6)
Bottom of the 7th over - 0 runs, 0 hits, 0 errors, 0 left on base; Eau Claire 1 - Jasper 4
TOP OF THE 8TH
Eau Claire Esquires batting - Pitching for Jasper Cougars : LHP Alberto Guerra
Batting: RHB Silas Small 0-0: Called Strike
0-1: Swinging Strike
0-2: Ball
1-2: Ball
2-2: Strikes out swinging
Batting: LHB Matt Taylor 0-0: Ball
1-0: Called Strike
1-1: Swinging Strike
1-2: Ball
2-2: Foul Ball, location: 2F
2-2: Ground out U3 (Groundball, 3)
Batting: RHB Claudio Rodríguez 0-0: Called Strike
0-1: Ground out 5-3 (Groundball, 56S)
Top of the 8th over - 0 runs, 0 hits, 0 errors, 0 left on base; Eau Claire 1 - Jasper 4
BOTTOM OF THE 8TH
Jasper Cougars batting - Pitching for Eau Claire Esquires : LHP Raúl Rivas
Batting: RHB Donald Fenner 0-0: Ball
1-0: Ball
2-0: Called Strike
2-1: Ball
3-1: Base on Balls
Batting: RHB Brent Allen 0-0: Ball
1-0: Fly out, F9 (Line Drive, 9)
Batting: RHB Alberto Morín 0-0: Ball
1-0: DOUBLE (Flyball, 78D)
Donald Fenner to third
Batting: RHB Alberto Castillo 0-0: Called Strike
0-1: Ball
1-1: Ground out 6-3 (Groundball, 6S)
Pitching: RHP Shaun Harris
Batting: RHB Júlio González 0-0: Called Strike
0-1: Ball
1-1: Ground out 4-3 (Groundball, 34)
Bottom of the 8th over - 0 runs, 1 hit, 0 errors, 2 left on base; Eau Claire 1 - Jasper 4
TOP OF THE 9TH
Eau Claire Esquires batting - Pitching for Jasper Cougars : LHP Alberto Guerra
Pitching: RHP Cipriano Román
Batting: LHB Will Rhodes 0-0: Fly out, F7 (Line Drive, 78M)
Batting: LHB Steve Arnold 0-0: Foul Ball, location: 2F
0-1: Foul Ball, location: 2F
0-2: Ball
1-2: SOLO HOME RUN (Flyball, 9LD), Distance : 332 ft
Batting: LHB Caleb Ruíz 0-0: Swinging Strike
0-1: Foul Ball, location: 2F
0-2: Ball
1-2: Reached on error, E6 (Groundball, 6M)
Batting: SHB Paul Davenport 0-0: Ball
1-0: Ball
2-0: Called Strike
2-1: Foul Ball, location: 2F
2-2: Strikes out swinging
Batting: RHB Tom McBride 0-0: Called Strike
0-1: Called Strike
0-2: Strikes out swinging
Top of the 9th over - 1 run, 1 hit, 1 error, 1 left on base; Eau Claire 2 - Jasper 4
Saturday, April 7th, 2018 - OOTP Baseball 18.8 Build 76